 Dungeon Crawl Stone Soup version 0.27-a0-1200-g94dc6ad (webtiles) character file.

Game seed: 7483370555841568515

233 Meow the Magician (level 6, 47/49 HPs)
             Began as a Naga Venom Mage on June 1, 2021.
             Quit the game on level 4 of the Dungeon.
             The game lasted 00:09:04 (2919 turns).

Meow the Magician (Naga Venom Mage)                 Turns: 2919, Time: 00:09:04

Health: 47/49      AC:  7    Str: 10    XL:     6   Next: 5%
Magic:  11/12      EV:  7    Int: 18    God:
Gold:   128        SH:  0    Dex: 11    Spells: 6/13 levels left

rFire    . . .     SeeInvis +   a - +0 hunting sling
rCold    . . .     Faith    .   (no shield)
rNeg     . . .     Spirit   .   d - +0 robe
rPois    +         Reflect  .   (no helmet)
rElec    .         Harm     .   (no cloak)
rCorr    .         Rampage  .   (no gloves)
Will     .....                  k - +0 barding
Stlth    ++........             (no amulet)
HPRegen  0.16/turn              (no ring)
MPRegen  0.13/turn              (no ring)

@: very slow
A: AC +2, large, see invisible, deformed body, poison resistance, slowness 2,
spit poison 1, naga tail 1
a: Spit Poison


You were on level 4 of the Dungeon.
You visited 1 branch of the dungeon, and saw 4 of its levels.

You collected 128 gold pieces.

Inventory:

Hand Weapons
 a - a +0 hunting sling (weapon)
 b - a +0 club
Missiles
 e - 4 javelins
 f - 121 stones
 h - 8 sling bullets (quivered ammo)
 n - 4 boomerangs
 q - 15 arrows
Armour
 d - a +0 robe (worn)
 k - a +0 barding (worn)
Wands
 j - a wand of flame (15)
Scrolls
 g - a scroll of enchant armour
 i - a scroll of magic mapping
 l - a scroll of fog {unknown}
 m - a scroll of amnesia
 r - a scroll of acquirement
Potions
 c - a potion of flight
 o - a potion of cancellation {unknown}
 s - a potion of heal wounds {unknown}


   Skills:
 - Level 1.5 Dodging
 - Level 3.0 Stealth
 + Level 4.2 Spellcasting
 + Level 3.8 Conjurations
 - Level 1.0 Transmutations
 - Level 4.0 Poison Magic


You had 6 spell levels left.
You knew the following spells:

 Your Spells              Type           Power      Damage    Failure   Level
a - Sting                 Tmut/Pois      48%        1d5       5%          1
c - Mephitic Cloud        Conj/Pois/Air  13%        N/A       14%         3
C - Ignite Poison         Fire/Tmut/Pois 9%         N/A       22%         3

Your spell library contained the following spells:

 Spells                   Type           Power      Damage    Failure   Level
 Poisonous Vapours        Pois/Air       22%        N/A       10%         2
 Animate Skeleton         Necr           6%         N/A       14%         1
 Apportation              Tloc           6%         N/A       14%         1
 Corona                   Hex            3%         N/A       14%         1
 Pain                     Necr           12%        1d4       14%         1
 Summon Small Mammal      Summ           12%        N/A       14%         1
 Call Imp                 Summ           3%         N/A       22%         2
 Olgreb's Toxic Radiance  Pois           18%        N/A       28%         4
 Call Canine Familiar     Summ           3%         N/A       41%         3
 Summon Guardian Golem    Hex/Summ       3%         N/A       41%         3
 Vampiric Draining        Necr           1%         2d6       41%         3
 Animate Dead             Necr           1%         N/A       82%         4
 Summon Ice Beast         Ice/Summ       3%         N/A       82%         4
 Summon Lightning Spire   Summ/Air       3%         N/A       82%         4
 Agony                    Necr           3%         N/A       99%         5


Dungeon Overview and Level Annotations

Branches:
Dungeon (4/15)
 Temple: D:4-7

Altars:
Lugonu

Portals:
Abyss: D:3


Innate Abilities, Weirdness & Mutations

Your serpentine skin is tough. (AC +2)
You have supernaturally acute eyesight. (SInv)
Armour fits poorly on your strangely shaped body.
Your system is resistant to poisons. (rPois)
You cover ground very slowly.
You can spit poison.
You have a snake-like lower body.


Message History

The worm is heavily wounded.
Fire: 14 sling bullets
Press: ? - help, Q - select action, (/) - cycle Shift-Dir - straight line, f/p - worm
Aim: a worm (moderately wounded, 75% to hit)
You shoot a sling bullet.
The sling bullet barely misses the worm.
Fire: 13 sling bullets
Press: ? - help, Q - select action, (/) - cycle Shift-Dir - straight line, f/p - worm
Aim: a worm (moderately wounded, 75% to hit)
You shoot a sling bullet. The sling bullet hits the worm!
The worm is severely wounded.
Fire: 12 sling bullets
Press: ? - help, Q - select action, (/) - cycle Shift-Dir - straight line, f/p - worm
Aim: a worm (severely wounded, 75% to hit)
You shoot a sling bullet.
The sling bullet barely misses the worm.
The worm closely misses you.
Fire: 11 sling bullets
Press: ? - help, Q - select action, (/) - cycle Shift-Dir - straight line, f/p - worm
Aim: a worm (severely wounded, 75% to hit)
You shoot a sling bullet.
The sling bullet hits the worm but does no damage.
The worm is severely wounded.
The worm bites you.
Fire: 10 sling bullets
Press: ? - help, Q - select action, (/) - cycle Shift-Dir - straight line, f/p - worm
Aim: a worm (severely wounded, 75% to hit)
You shoot a sling bullet.
The sling bullet barely misses the worm.
The worm barely misses you.
Fire: 9 sling bullets
Press: ? - help, Q - select action, (/) - cycle Shift-Dir - straight line, f/p - worm
Aim: a worm (heavily wounded, 75% to hit)
You shoot a sling bullet.
The sling bullet completely misses the worm.
Fire: 8 sling bullets
Press: ? - help, Q - select action, (/) - cycle Shift-Dir - straight line, f - you, p - worm
Okay, then.
Unknown command.
Are you sure you want to abandon this character and quit the game? (Confirm with "yes".)

##### #### ######
##...## ...# #..#.##
.....##...#
#.....#####...# ....##
##....##.#..####.....##
##.......†.....@......#
##.....[.........w......
.........#..............
#........#.........(....
####†.......<.......(.#.
#..................#
#..................(.
###........##.........(
#....#######.......!.


You could see a worm.

Vanquished Creatures
  A jelly (D:4)
  A gnoll (D:1)
  3 adders
  2 worms (D:3)
  5 dart slugs
  2 orcs
  9 endoplasms
  3 giant cockroaches
  5 hobgoblins
  4 jackals (D:4)
  5 ball pythons
  7 bats
  2 frilled lizards (D:3)
  8 goblins
  5 kobolds
  2 rats
  2 lurking horrors (D:3)
66 creatures vanquished.

Vanquished Creatures (collateral kills)
  A phantom (D:4)
  A scorpion (D:4)
  An iguana (D:4)
  A dart slug (D:4)
4 creatures vanquished.

Vanquished Creatures (others)
  A lurking horror (D:3)
1 creature vanquished.

Grand Total: 71 creatures vanquished

Notes
Turn   | Place    | Note
-------+----------+-------------------------------------------
     0 | D:1      | Meow the Naga Venom Mage began the quest for the Orb.
     0 | D:1      | Reached XP level 1. HP: 15/15 MP: 3/3
     9 | D:1      | Found a faded altar of an unknown god.
   477 | D:1      | Reached skill level 1 in Conjurations
   477 | D:1      | Reached XP level 2. HP: 13/22 MP: 3/5
   719 | D:1      | Reached XP level 3. HP: 28/28 MP: 6/6
   723 | D:1      | Learned a level 3 spell: Mephitic Cloud
   727 | D:1      | Learned a level 3 spell: Ignite Poison
  1594 | D:3      | Reached XP level 4. HP: 36/36 MP: 8/8
  1724 | D:3      | Found a corrupted altar of Lugonu.
  1730 | D:3      | Found a one-way gate to the infinite horrors of the Abyss.
  2698 | D:4      | Reached XP level 5. HP: 14/42 MP: 4/10
  2698 | D:4      | Noticed a phantom
  2700 | D:4      | Identified a scroll of acquirement
  2706 | D:4      | Killed a phantom
  2866 | D:4      | Reached XP level 6. HP: 49/49 MP: 10/12
  2919 | D:4      | Quit the game

Illustrated notes

Levels and vault maps discovered:
D:1:      ebering_trefoil_3fold, layout_basic, basic_ecumenical_altar
D:2:      layout_basic
D:3:      layout_rooms, corexii_shack, amcnicky_altar_lugonu_corruption
D:4:      layout_cave_pools, minmay_misc_feat_pillars,
          chequers_serial_rivers_large_a, minmay_misc_feat_enclosed,
          kennysheep_big_empty_room, st_stairs_10, grunt_decor_junction,
          kennysheep_generic_room_7

Skill      XL: |  1  2  3  4  5 |
---------------+----------------+-----
Conjurations   | 1 2 3 |  3.8
Spellcasting   | 3 4 |  4.2
Dodging        | |  1.5
Stealth        | |  3.0
Transmutations | |  1.0
Poison Magic   | |  4.0

Action                   |  1- 3 |  4- 6 || total
-------------------------+-------+-------++-------
Melee: Club              |     1 |       ||     1
 Fire: Hunting sling     |    30 |    61 ||    91
 Cast: Sting             |    18 |    21 ||    39
       Mephitic Cloud    |       |     2 ||     2
 Abil: Spit Poison       |    27 |    15 ||    42
  Use: Scroll            |     6 |     2 ||     8
Armor: Robe              |     2 |     8 ||    10
Dodge: Dodged            |     6 |     8 ||    14

Table legend: (Time is in decaauts)
 A = Elapsed time spent in this place.
 B = Non-inter-level travel time spent in this place.
 C = Inter-level travel time spent in this place.
 D = Time resting spent in this place.
 E = Time spent auto-exploring this place.
 F = Levels seen in this place.
 G = Mean time per level.
                   A        B        C        D        E       F      G
               +--------+--------+--------+--------+--------+-----+--------+
         Total |   3642 |   3392 |    250 |    819 |   2035 |   4 |  910.5 |
       Dungeon |   3642 |   3392 |    250 |    819 |   2035 |   4 |  910.5 |
               +--------+--------+--------+--------+--------+-----+--------+

Top non-repeatable levels by time:
     D:3: 1263 daAuts
     D:1: 1229 daAuts
     D:2: 770 daAuts
     D:4: 378 daAuts
